BlackHawks vs Devils

Created - March-08-13 at 17:28

Goals
1 2 3 OT1 SO T
BlackHawks 2 0 1 0 0 3
Devils 2 1 0 0 1 4
Shots
1 2 3 OT1 SO T
BlackHawks 5 4 7 0 3 16
Devils 10 20 8 2 2 40

1st period

1. BlackHawks , Simon Gagne 14 (Brett Clark, Jamie McGinn) at 4:31
2. Devils , Mark Letestu 5 (James van Riemsdyk, Roman Hamrlik) at 14:39
3. BlackHawks , Bryan Little 22 (Zach Parise, Brett Clark) at 18:38
4. Devils , Nikita Nikitin 9 (James van Riemsdyk, Steve Mason) at 19:57 (PP)

Penalties :
Mark Eaton (CHI) for Tripping (Minor) at 1:42, Vladimir Sobotka (NJD) for Hooking (Minor) at 9:54, Louis Leblanc (CHI) for Hooking (Minor) at 18:39

2nd period

5. Devils , Mark Letestu 6 (James van Riemsdyk, Nikita Nikitin) at 13:55

Penalties :
Brandon Yip (CHI) for Roughing (Minor) at 3:49, Anton Babchuk (CHI) for Hooking (Minor) at 6:38

3rd period

6. BlackHawks , Tyler Kennedy 13 (Simon Gagne, Chris Campoli) at 6:15

Penalties :
Mark Letestu (NJD) for Hooking (Minor) at 15:38

Overtime #1

No Goal

Penalties :
No Penalty

Shootout

Penalty Shot by Zach Parise for BlackHawks - Stopped by Steve Mason
Penalty Shot by James van Riemsdyk for Devils - Goal!
Penalty Shot by Bryan Little for BlackHawks - Stopped by Steve Mason
Penalty Shot by Tim Connolly for Devils - Stopped by Jose Theodore
Penalty Shot by Jamie McGinn for BlackHawks - Shot Misses the Net

Penalties :
No Penalty

Goalie Stats

Jose Theodore (CHI), 37 saves from 40 shots - (0.925), OTL, 14-24-7, 65:00 minutes
Steve Mason (NJD), 13 saves from 16 shots - (0.813), W, 25-28-8, 65:00 minutes

Players Stats for BlackHawks

Player Name              G  A  P  +/- PIM S  H  SB GA TA FO     MP     PP MP  PK MP  
------------------------------------------------------------------------------------
Anton Babchuk            0  0  0  -1  2   0  0  0  0  0  0/0    16:30   2:24   0:00 
Brandon Yip              0  0  0  -1  2   0  3  0  0  0  0/0    11:00   0:18   0:00 
Brett Clark              0  2  2   2  0   2  3  0  0  0  0/0    22:38   0:34   2:47 
Bryan Little             1  0  1   1  0   4  0  1  0  0  0/1    21:52   2:32   0:00 
Chris Campoli            0  1  1   2  0   0  0  0  0  0  0/0    22:46   0:42   2:47 
Daniel Paille            0  0  0  -1  0   0  1  0  0  0  0/1     8:15   1:41   0:00 
Darren Helm              0  0  0   1  0   1  1  0  0  0  15/26  24:41   1:26   4:40 
Jamie McGinn             0  1  1   2  0   1  1  0  0  0  1/1    19:04   1:17   2:03 
Jay McClement            0  0  0  -1  0   1  1  1  0  0  11/17  12:46   0:00   2:03 
Louis Leblanc            0  0  0  -1  2   1  0  0  0  0  1/2     9:32   0:00   3:54 
Mark Eaton               0  0  0  -1  2   0  4  0  0  0  0/0    12:42   0:18   0:00 
Mika Zibanejad           0  0  0  -1  0   0  0  1  0  0  0/1    12:09   1:26   0:00 
P.K. Subban              0  0  0   0  0   0  1  4  0  0  0/0    28:30   1:57   4:28 
Robyn Regehr             0  0  0   0  0   1  1  0  0  0  0/0    26:40   2:01   4:28 
Samuel Pahlsson          0  0  0  -1  0   0  0  0  0  0  6/7     7:22   0:00   0:00 
Simon Gagne              1  1  2   2  0   1  1  0  0  0  0/1    18:12   0:42   0:51 
Tyler Kennedy            1  0  1   2  0   4  2  0  0  0  3/18   16:26   0:00   0:59 
Zach Parise              0  1  1   1  0   0  2  0  0  0  9/11   21:36   2:32   0:00 

Players Stats for Devils

Player Name              G  A  P  +/- PIM S  H  SB GA TA FO     MP     PP MP  PK MP  
------------------------------------------------------------------------------------
Artem Anisimov           0  0  0   2  0   1  2  0  0  0  6/13   19:29   3:59   0:00 
Brad Stuart              0  0  0   0  0   2  2  1  0  0  0/0    23:03   2:53   1:48 
Eric Wellwood            0  0  0  -1  0   2  0  0  0  0  1/2    10:10   0:00   0:00 
James van Riemsdyk       0  3  3   2  0   1  1  0  0  0  1/1    18:37   3:16   0:00 
Jordan Leopold           0  0  0   0  0   2  0  1  0  0  0/0    25:21   4:22   1:48 
Josh Bailey              0  0  0  -1  0   2  3  0  0  0  0/2     9:12   0:00   0:00 
Lubomir Visnovsky        0  0  0   0  0   3  1  0  0  0  0/0    24:24   2:53   0:00 
Marcel Goc               0  0  0  -1  0   0  0  1  0  0  10/23  15:09   0:00   2:35 
Mark Letestu             2  0  2   2  2   4  2  0  0  0  1/5    18:36   3:16   0:00 
Matt DAgostini           0  0  0  -1  0   3  0  0  0  0  0/1    10:03   0:00   0:51 
Nikita Nikitin           1  1  2  -1  0   4  1  0  0  0  0/0    18:16   4:22   0:00 
Niklas Hjalmarsson       0  0  0  -1  0   1  0  0  0  0  0/0    18:29   0:00   2:10 
Patrick Eaves            0  0  0  -1  0   0  1  0  0  0  0/0    14:22   0:00   1:51 
R.J. Umberger            0  0  0  -1  0   7  1  0  0  0  1/2    20:30   3:59   0:00 
Roman Hamrlik            0  1  1   0  0   0  0  2  0  0  0/0    20:27   0:00   2:10 
Saku Koivu               0  0  0  -1  0   4  0  0  0  0  14/26  21:53   3:59   1:23 
Tim Connolly             0  0  0  -1  0   2  1  0  0  0  1/2    19:47   3:16   0:00 
Vladimir Sobotka         0  0  0  -1  2   2  0  0  0  0  5/9     8:12   0:00   1:16 

3 Stars

1 - Mark Letestu (NJD)
2 - James van Riemsdyk (NJD)
3 - Simon Gagne (CHI)

Power Play

BlackHawks - 0 on 2 Attempt(s) - 0.00%
Devils - 1 on 4 Attempt(s) - 25.00%

Penalty Kill

BlackHawks - 3 on 4 Attempt(s) - 75.00% - Score 0 goal in Penalty Kill
Devils - 2 on 2 Attempt(s) - 100.00% - Score 0 goal in Penalty Kill

Official

Referees : Rob Martell and Graham Skiliter
Linesman : David Brisebois and Jay Sharrers

Game Notes

Tyler Kennedy is injured at 14:28 of 3rd period (Right Knee)

Finance

Level 1 -- Attendance: 6000 (100.00%) -- Ticket Income $690,000
Level 2 -- Attendance: 4503 (90.06%) -- Ticket Income $337,725
Level 3 -- Attendance: 2000 (100.00%) -- Ticket Income $110,000
Level 4 -- Attendance: 3160 (87.17%) -- Ticket Income $94,800
Luxury Box -- Attendance: 938 (93.80%) -- Ticket Income $154,770
Game was played at the Prudential Center
Total Attendance: 16601 (94.19%)
Total Ticket Income: $1,387,295
Other Income: $208,094
Total Income: $1,595,389


% Time on Ice - BlackHawks

Lines # - Real PCT - Wanted PCT - Time Play
Normal Forward
1 - 34% - 40% - 16:41
2 - 32% - 30% - 15:44
3 - 22% - 20% - 10:43
4 - 12% - 10% - 5:39
Normal Defense
1 - 36% - 40% - 17:44
2 - 36% - 30% - 17:22
3 - 24% - 20% - 11:47
4 - 4% - 10% - 1:54
PP Forward
1 - 64% - 60% - 2:32
2 - 36% - 40% - 1:26
PP Defense
1 - 49% - 60% - 1:57
2 - 51% - 40% - 2:01
PK Forward
1 - 72% - 60% - 5:12
2 - 28% - 40% - 2:03
PK Defense
1 - 62% - 60% - 4:28
2 - 38% - 40% - 2:47
PK3 Forward
1 - 0% - 60%
2 - 0% - 40%
PK3 Defense
1 - 0% - 60%
2 - 0% - 40%
44 Forward
1 - 66% - 60% - 3:18
2 - 34% - 40% - 1:42
44 Defense
1 - 49% - 60% - 2:27
2 - 51% - 40% - 2:33
Last Minute Offensive  - 0:00
Last Minute Defensive  - 0:00
Total
Forward - 65:00
Defense - 65:00

% Time on Ice - Devils

Lines # - Real PCT - Wanted PCT - Time Play
Normal Forward
1 - 34% - 35% - 16:31
2 - 31% - 30% - 15:21
3 - 20% - 20% - 9:58
4 - 14% - 15% - 6:57
Normal Defense
1 - 32% - 35% - 15:48
2 - 33% - 35% - 16:00
3 - 28% - 20% - 13:45
4 - 7% - 10% - 3:14
PP Forward
1 - 55% - 60% - 3:59
2 - 45% - 40% - 3:16
PP Defense
1 - 60% - 60% - 4:22
2 - 40% - 40% - 2:53
PK Forward
1 - 69% - 55% - 2:44
2 - 31% - 45% - 1:14
PK Defense
1 - 55% - 55% - 2:10
2 - 45% - 45% - 1:48
PK3 Forward
1 - 0% - 50%
2 - 0% - 50%
PK3 Defense
1 - 0% - 50%
2 - 0% - 50%
44 Forward
1 - 55% - 55% - 2:45
2 - 45% - 45% - 2:15
44 Defense
1 - 51% - 55% - 2:34
2 - 49% - 45% - 2:26
Last Minute Offensive  - 0:00
Last Minute Defensive  - 0:00
Total
Forward - 65:00
Defense - 65:00

Play by Play

1st period


0:01 of 1st period - Darren Helm wins face-off versus R.J. Umberger in neutral zone.
0:06 of 1st period - Shot by Zach Parise.
0:06 of 1st period - Shot Misses the Net.
0:14 of 1st period - Saku Koivu is hit by Robyn Regehr and loses puck.
0:19 of 1st period - Shot by Saku Koivu.
0:19 of 1st period - Shot Blocked by Bryan Little.
0:39 of 1st period - Tim Connolly is hit by P.K. Subban and loses puck.
0:57 of 1st period - Icing by P.K. Subban.
0:58 of 1st period - Marcel Goc wins face-off versus Darren Helm in BlackHawks zone.
1:04 of 1st period - Off-side.
1:05 of 1st period - Artem Anisimov wins face-off versus Tyler Kennedy in neutral zone.
1:05 of 1st period - Artem Anisimov is hit by Tyler Kennedy.
1:25 of 1st period - Shot by Simon Gagne.
1:25 of 1st period - Deflect By Jamie McGinn.
1:25 of 1st period - Shot Misses the Net.
1:27 of 1st period - Shot by Simon Gagne.
1:27 of 1st period - Deflect By Tyler Kennedy.
1:27 of 1st period - Shot Misses the Net.
1:29 of 1st period - Shot by Tyler Kennedy.
1:29 of 1st period - Stopped by Steve Mason without a rebound.
1:30 of 1st period - Jay McClement wins face-off versus Vladimir Sobotka in Devils zone.
1:42 of 1st period - Minor Penalty to Mark Eaton for Tripping.
1:43 of 1st period - Darren Helm wins face-off versus Saku Koivu in BlackHawks zone.
3:06 of 1st period - Shot by Lubomir Visnovsky.
3:06 of 1st period - Shot Misses the Net.
3:10 of 1st period - Shot by Brad Stuart.
3:10 of 1st period - Stopped by Jose Theodore without a rebound.
3:11 of 1st period - Tim Connolly wins face-off versus Jay McClement in BlackHawks zone.
4:31 of 1st period - Shot by Simon Gagne.
4:31 of 1st period - Goal by Simon Gagne - BlackHawks : 1 - Devils : 0.
4:32 of 1st period - Vladimir Sobotka wins face-off versus Tyler Kennedy in neutral zone.
4:35 of 1st period - Simon Gagne is hit by Josh Bailey.
4:58 of 1st period - Icing by Chris Campoli.
4:59 of 1st period - Saku Koivu wins face-off versus Tyler Kennedy in BlackHawks zone.
5:12 of 1st period - Off-side.
5:13 of 1st period - Artem Anisimov wins face-off versus Darren Helm in neutral zone.
5:24 of 1st period - Shot by Nikita Nikitin.
5:24 of 1st period - Shot Misses the Net.
6:33 of 1st period - Off-side.
6:34 of 1st period - Marcel Goc wins face-off versus Tyler Kennedy in neutral zone.
6:41 of 1st period - Shot by Patrick Eaves.
6:41 of 1st period - Shot Misses the Net.
6:46 of 1st period - Eric Wellwood is hit by Brett Clark and loses puck.
8:51 of 1st period - Shot by Mark Letestu.
8:51 of 1st period - Stopped by Jose Theodore with a rebound.
9:01 of 1st period - Shot by James van Riemsdyk.
9:01 of 1st period - Shot Misses the Net.
9:03 of 1st period - Shot by Nikita Nikitin.
9:03 of 1st period - Shot Misses the Net.
9:47 of 1st period - Shot by Vladimir Sobotka.
9:47 of 1st period - Stopped by Jose Theodore with a rebound.
9:54 of 1st period - Minor Penalty to Vladimir Sobotka for Hooking.
9:55 of 1st period - Zach Parise wins face-off versus Marcel Goc in Devils zone.
10:15 of 1st period - Icing by Anton Babchuk.
10:16 of 1st period - Marcel Goc wins face-off versus Zach Parise in BlackHawks zone.
10:34 of 1st period - Icing by Bryan Little.
10:35 of 1st period - Zach Parise wins face-off versus Marcel Goc in BlackHawks zone.
11:13 of 1st period - Off-side.
11:14 of 1st period - Marcel Goc wins face-off versus Darren Helm in neutral zone.
11:31 of 1st period - Niklas Hjalmarsson is hit by Daniel Paille and loses puck.
12:02 of 1st period - Roman Hamrlik is hit by Brandon Yip and loses puck.
13:01 of 1st period - Shot by Nikita Nikitin.
13:01 of 1st period - Stopped by Jose Theodore with a rebound.
13:03 of 1st period - Shot by Tim Connolly.
13:03 of 1st period - Deflect By R.J. Umberger.
13:03 of 1st period - Stopped by Jose Theodore with a rebound.
13:05 of 1st period - Shot by R.J. Umberger.
13:05 of 1st period - Shot Misses the Net.
13:09 of 1st period - Shot by Niklas Hjalmarsson.
13:09 of 1st period - Stopped by Jose Theodore with a rebound.
13:44 of 1st period - Marcel Goc is hit by Mark Eaton and loses puck.
13:54 of 1st period - Icing by Jordan Leopold.
13:55 of 1st period - Samuel Pahlsson wins face-off versus Eric Wellwood in Devils zone.
14:06 of 1st period - Shot by Louis Leblanc.
14:06 of 1st period - Stopped by Steve Mason without a rebound.
14:07 of 1st period - Darren Helm wins face-off versus Artem Anisimov in Devils zone.
14:11 of 1st period - Icing by Roman Hamrlik.
14:12 of 1st period - Samuel Pahlsson wins face-off versus Artem Anisimov in Devils zone.
14:37 of 1st period - Shot by James van Riemsdyk.
14:37 of 1st period - Shot Misses the Net.
14:39 of 1st period - Shot by Mark Letestu.
14:39 of 1st period - Goal by Mark Letestu - BlackHawks : 1 - Devils : 1.
14:40 of 1st period - Saku Koivu wins face-off versus Darren Helm in neutral zone.
14:43 of 1st period - Shot by Tim Connolly.
14:43 of 1st period - Shot Misses the Net.
15:11 of 1st period - Shot by Saku Koivu.
15:11 of 1st period - Stopped by Jose Theodore with a rebound.
15:39 of 1st period - Shot by Tyler Kennedy.
15:39 of 1st period - Shot Misses the Net.
16:04 of 1st period - Icing by Anton Babchuk.
16:05 of 1st period - Vladimir Sobotka wins face-off versus Simon Gagne in BlackHawks zone.
16:47 of 1st period - Louis Leblanc is hit by Josh Bailey and loses puck.
17:21 of 1st period - Bryan Little is hit by Lubomir Visnovsky and loses puck.
17:33 of 1st period - Icing by Lubomir Visnovsky.
17:34 of 1st period - Jay McClement wins face-off versus Artem Anisimov in Devils zone.
18:05 of 1st period - Jordan Leopold is hit by Mark Eaton and loses puck.
18:16 of 1st period - Niklas Hjalmarsson is hit by Brandon Yip and loses puck.
18:24 of 1st period - Icing by Nikita Nikitin.
18:25 of 1st period - Saku Koivu wins face-off versus Zach Parise in Devils zone.
18:25 of 1st period - Nikita Nikitin is hit by Darren Helm and loses puck.
18:32 of 1st period - Shot by Zach Parise.
18:32 of 1st period - Shot Misses the Net.
18:34 of 1st period - Shot by Brett Clark.
18:34 of 1st period - Stopped by Steve Mason with a rebound.
18:36 of 1st period - Shot by Zach Parise.
18:36 of 1st period - Shot Misses the Net.
18:38 of 1st period - Shot by Bryan Little.
18:38 of 1st period - Goal by Bryan Little - BlackHawks : 2 - Devils : 1.
18:39 of 1st period - Marcel Goc wins face-off versus Samuel Pahlsson in neutral zone.
18:39 of 1st period - Minor Penalty to Louis Leblanc for Hooking.
18:40 of 1st period - Saku Koivu wins face-off versus Darren Helm in BlackHawks zone.
18:41 of 1st period - Shot by Brad Stuart.
18:41 of 1st period - Shot Misses the Net.
18:56 of 1st period - Shot by Artem Anisimov.
18:56 of 1st period - Shot Misses the Net.
19:36 of 1st period - Simon Gagne is hit by James van Riemsdyk and loses puck.
19:47 of 1st period - Shot by Nikita Nikitin.
19:47 of 1st period - Stopped by Jose Theodore without a rebound.
19:48 of 1st period - Darren Helm wins face-off versus Mark Letestu in BlackHawks zone.
19:57 of 1st period - Shot by Nikita Nikitin.
19:57 of 1st period - Goal by Nikita Nikitin - BlackHawks : 2 - Devils : 2.
19:58 of 1st period - Jay McClement wins face-off versus Marcel Goc in neutral zone.

2nd period


0:01 of 2nd period - Darren Helm wins face-off versus Saku Koivu in neutral zone.
0:18 of 2nd period - Shot by Tim Connolly.
0:18 of 2nd period - Shot Misses the Net.
1:00 of 2nd period - Roman Hamrlik is hit by Zach Parise and loses puck.
1:40 of 2nd period - Icing by Patrick Eaves.
1:41 of 2nd period - Marcel Goc wins face-off versus Jay McClement in Devils zone.
2:15 of 2nd period - Icing by Nikita Nikitin.
2:16 of 2nd period - Artem Anisimov wins face-off versus Tyler Kennedy in Devils zone.
2:30 of 2nd period - Shot by Artem Anisimov.
2:30 of 2nd period - Stopped by Jose Theodore without a rebound.
2:31 of 2nd period - Saku Koivu wins face-off versus Louis Leblanc in BlackHawks zone.
2:48 of 2nd period - Shot by Chris Campoli.
2:48 of 2nd period - Shot Blocked by Brad Stuart.
2:54 of 2nd period - Shot by Jordan Leopold.
2:54 of 2nd period - Stopped by Jose Theodore with a rebound.
2:56 of 2nd period - Shot by Brad Stuart.
2:56 of 2nd period - Deflect By Tim Connolly.
2:56 of 2nd period - Stopped by Jose Theodore with a rebound.
2:58 of 2nd period - Shot by R.J. Umberger.
2:58 of 2nd period - Stopped by Jose Theodore without a rebound.
2:59 of 2nd period - Marcel Goc wins face-off versus Tyler Kennedy in BlackHawks zone.
2:59 of 2nd period - Lubomir Visnovsky is hit by Mark Eaton and loses puck.
3:12 of 2nd period - Shot by Simon Gagne.
3:12 of 2nd period - Shot Blocked by Roman Hamrlik.
3:26 of 2nd period - Shot by Marcel Goc.
3:26 of 2nd period - Deflect By Eric Wellwood.
3:26 of 2nd period - Shot Misses the Net.
3:49 of 2nd period - Minor Penalty to Brandon Yip for Roughing.
3:50 of 2nd period - Saku Koivu wins face-off versus Darren Helm in BlackHawks zone.
4:36 of 2nd period - Jay McClement is hit by R.J. Umberger.
4:56 of 2nd period - Shot by Lubomir Visnovsky.
4:56 of 2nd period - Stopped by Jose Theodore without a rebound.
4:57 of 2nd period - Darren Helm wins face-off versus Mark Letestu in BlackHawks zone.
4:57 of 2nd period - Darren Helm is hit by Tim Connolly.
5:19 of 2nd period - Shot by Lubomir Visnovsky.
5:19 of 2nd period - Stopped by Jose Theodore with a rebound.
5:55 of 2nd period - Shot by Matt DAgostini.
5:55 of 2nd period - Stopped by Jose Theodore without a rebound.
5:56 of 2nd period - Jay McClement wins face-off versus Matt DAgostini in BlackHawks zone.
6:11 of 2nd period - Shot by Jay McClement.
6:11 of 2nd period - Stopped by Steve Mason without a rebound.
6:12 of 2nd period - Eric Wellwood wins face-off versus Tyler Kennedy in Devils zone.
6:12 of 2nd period - Eric Wellwood is hit by Tyler Kennedy.
6:25 of 2nd period - Shot by Brad Stuart.
6:25 of 2nd period - Stopped by Jose Theodore with a rebound.
6:32 of 2nd period - Icing by Anton Babchuk.
6:33 of 2nd period - Saku Koivu wins face-off versus Tyler Kennedy in BlackHawks zone.
6:33 of 2nd period - Lubomir Visnovsky is hit by Mark Eaton.
6:38 of 2nd period - Minor Penalty to Anton Babchuk for Hooking.
6:39 of 2nd period - Louis Leblanc wins face-off versus Saku Koivu in BlackHawks zone.
6:59 of 2nd period - Shot by Saku Koivu.
6:59 of 2nd period - Stopped by Jose Theodore without a rebound.
7:00 of 2nd period - Jay McClement wins face-off versus Mark Letestu in BlackHawks zone.
7:00 of 2nd period - P.K. Subban is hit by Mark Letestu and loses puck.
7:18 of 2nd period - Icing by Brad Stuart.
7:19 of 2nd period - Jay McClement wins face-off versus Mark Letestu in Devils zone.
7:19 of 2nd period - P.K. Subban is hit by Brad Stuart and loses puck.
7:28 of 2nd period - Shot by Brad Stuart.
7:28 of 2nd period - Shot Blocked by Jay McClement.
7:30 of 2nd period - Shot by Lubomir Visnovsky.
7:30 of 2nd period - Shot Misses the Net.
7:32 of 2nd period - Shot by James van Riemsdyk.
7:32 of 2nd period - Shot Blocked by P.K. Subban.
7:34 of 2nd period - Shot by Lubomir Visnovsky.
7:34 of 2nd period - Stopped by Jose Theodore with a rebound.
7:38 of 2nd period - Shot by James van Riemsdyk.
7:38 of 2nd period - Shot Blocked by P.K. Subban.
7:40 of 2nd period - Shot by Brad Stuart.
7:40 of 2nd period - Shot Hit the Post.
7:42 of 2nd period - Shot by James van Riemsdyk.
7:42 of 2nd period - Stopped by Jose Theodore without a rebound.
7:43 of 2nd period - Saku Koivu wins face-off versus Darren Helm in BlackHawks zone.
7:44 of 2nd period - Shot by Nikita Nikitin.
7:44 of 2nd period - Stopped by Jose Theodore without a rebound.
7:45 of 2nd period - Saku Koivu wins face-off versus Darren Helm in BlackHawks zone.
7:45 of 2nd period - Saku Koivu is hit by Brett Clark.
8:42 of 2nd period - Icing by Mark Eaton.
8:43 of 2nd period - Vladimir Sobotka wins face-off versus Tyler Kennedy in BlackHawks zone.
8:54 of 2nd period - Shot by Jamie McGinn.
8:54 of 2nd period - Stopped by Steve Mason without a rebound.
8:55 of 2nd period - Jay McClement wins face-off versus Marcel Goc in Devils zone.
9:52 of 2nd period - Shot by Darren Helm.
9:52 of 2nd period - Stopped by Steve Mason without a rebound.
9:53 of 2nd period - Tyler Kennedy wins face-off versus Saku Koivu in Devils zone.
10:21 of 2nd period - Shot by R.J. Umberger.
10:21 of 2nd period - Stopped by Jose Theodore with a rebound.
11:44 of 2nd period - Shot by Vladimir Sobotka.
11:44 of 2nd period - Stopped by Jose Theodore without a rebound.
11:45 of 2nd period - Darren Helm wins face-off versus Marcel Goc in BlackHawks zone.
13:09 of 2nd period - Shot by Tim Connolly.
13:09 of 2nd period - Stopped by Jose Theodore with a rebound.
13:41 of 2nd period - Shot by Mark Letestu.
13:41 of 2nd period - Stopped by Jose Theodore with a rebound.
13:53 of 2nd period - Shot by James van Riemsdyk.
13:53 of 2nd period - Shot Blocked by Mika Zibanejad.
13:55 of 2nd period - Shot by Mark Letestu.
13:55 of 2nd period - Goal by Mark Letestu - BlackHawks : 2 - Devils : 3.
13:56 of 2nd period - Vladimir Sobotka wins face-off versus Daniel Paille in neutral zone.
14:15 of 2nd period - Icing by Brad Stuart.
14:16 of 2nd period - Darren Helm wins face-off versus Vladimir Sobotka in Devils zone.
14:33 of 2nd period - Shot by Darren Helm.
14:33 of 2nd period - Shot Misses the Net.
14:35 of 2nd period - Shot by Zach Parise.
14:35 of 2nd period - Shot Blocked by Jordan Leopold.
14:37 of 2nd period - Shot by Bryan Little.
14:37 of 2nd period - Deflect By Zach Parise.
14:37 of 2nd period - Shot Misses the Net.
15:15 of 2nd period - Shot by Robyn Regehr.
15:15 of 2nd period - Stopped by Steve Mason without a rebound.
15:16 of 2nd period - Mark Letestu wins face-off versus Tyler Kennedy in Devils zone.
15:16 of 2nd period - Mark Letestu is hit by Jamie McGinn.
15:21 of 2nd period - Off-side.
15:22 of 2nd period - Saku Koivu wins face-off versus Tyler Kennedy in neutral zone.
15:29 of 2nd period - Shot by Saku Koivu.
15:29 of 2nd period - Stopped by Jose Theodore without a rebound.
15:30 of 2nd period - Jamie McGinn wins face-off versus Saku Koivu in BlackHawks zone.
16:15 of 2nd period - Off-side.
16:16 of 2nd period - Darren Helm wins face-off versus Artem Anisimov in neutral zone.
16:24 of 2nd period - Mark Letestu is hit by Zach Parise and loses puck.
16:44 of 2nd period - Shot by James van Riemsdyk.
16:44 of 2nd period - Shot Misses the Net.
17:10 of 2nd period - Icing by Niklas Hjalmarsson.
17:11 of 2nd period - Jay McClement wins face-off versus Vladimir Sobotka in Devils zone.
17:24 of 2nd period - Shot by Josh Bailey.
17:24 of 2nd period - Stopped by Jose Theodore without a rebound.
17:25 of 2nd period - Tyler Kennedy wins face-off versus Saku Koivu in BlackHawks zone.
18:27 of 2nd period - Off-side.
18:28 of 2nd period - Darren Helm wins face-off versus Marcel Goc in neutral zone.
18:36 of 2nd period - Icing by Marcel Goc.
18:37 of 2nd period - Darren Helm wins face-off versus Marcel Goc in Devils zone.
19:35 of 2nd period - Off-side.
19:36 of 2nd period - Saku Koivu wins face-off versus Jay McClement in neutral zone.
19:36 of 2nd period - Brad Stuart is hit by Brandon Yip and loses puck.
19:45 of 2nd period - Shot by Saku Koivu.
19:45 of 2nd period - Deflect By R.J. Umberger.
19:45 of 2nd period - Stopped by Jose Theodore without a rebound.
19:46 of 2nd period - Samuel Pahlsson wins face-off versus Artem Anisimov in BlackHawks zone.

3rd period


0:01 of 3rd period - Zach Parise wins face-off versus Saku Koivu in neutral zone.
0:05 of 3rd period - Icing by Jordan Leopold.
0:06 of 3rd period - Darren Helm wins face-off versus Saku Koivu in Devils zone.
0:44 of 3rd period - Shot by Saku Koivu.
0:44 of 3rd period - Shot Misses the Net.
0:46 of 3rd period - Shot by Saku Koivu.
0:46 of 3rd period - Stopped by Jose Theodore with a rebound.
2:02 of 3rd period - Shot by Nikita Nikitin.
2:02 of 3rd period - Shot Misses the Net.
2:04 of 3rd period - Shot by Josh Bailey.
2:04 of 3rd period - Shot Misses the Net.
2:06 of 3rd period - Shot by Vladimir Sobotka.
2:06 of 3rd period - Shot Misses the Net.
2:08 of 3rd period - Shot by Josh Bailey.
2:08 of 3rd period - Stopped by Jose Theodore with a rebound.
2:44 of 3rd period - Shot by Eric Wellwood.
2:44 of 3rd period - Shot Misses the Net.
2:46 of 3rd period - Shot by Brad Stuart.
2:46 of 3rd period - Shot Blocked by P.K. Subban.
3:00 of 3rd period - Shot by Eric Wellwood.
3:00 of 3rd period - Stopped by Jose Theodore without a rebound.
3:01 of 3rd period - Saku Koivu wins face-off versus Jay McClement in BlackHawks zone.
3:11 of 3rd period - Saku Koivu is hit by Brett Clark and loses puck.
3:16 of 3rd period - Shot by R.J. Umberger.
3:16 of 3rd period - Stopped by Jose Theodore without a rebound.
3:17 of 3rd period - James van Riemsdyk wins face-off versus Tyler Kennedy in BlackHawks zone.
3:26 of 3rd period - Shot by Tyler Kennedy.
3:26 of 3rd period - Stopped by Steve Mason with a rebound.
4:25 of 3rd period - Icing by Jordan Leopold.
4:26 of 3rd period - Samuel Pahlsson wins face-off versus Saku Koivu in Devils zone.
4:30 of 3rd period - Icing by Brad Stuart.
4:31 of 3rd period - Jay McClement wins face-off versus Saku Koivu in Devils zone.
5:06 of 3rd period - Shot by Tim Connolly.
5:06 of 3rd period - Deflect By R.J. Umberger.
5:06 of 3rd period - Stopped by Jose Theodore without a rebound.
5:07 of 3rd period - Samuel Pahlsson wins face-off versus Artem Anisimov in BlackHawks zone.
5:07 of 3rd period - Samuel Pahlsson is hit by Artem Anisimov.
5:23 of 3rd period - Shot by Artem Anisimov.
5:23 of 3rd period - Shot Misses the Net.
5:36 of 3rd period - Louis Leblanc is hit by Mark Letestu and loses puck.
6:15 of 3rd period - Shot by Simon Gagne.
6:15 of 3rd period - Deflect By Tyler Kennedy.
6:15 of 3rd period - Goal by Tyler Kennedy - BlackHawks : 3 - Devils : 3.
6:16 of 3rd period - Saku Koivu wins face-off versus Jay McClement in neutral zone.
8:50 of 3rd period - Icing by Brad Stuart.
8:51 of 3rd period - Darren Helm wins face-off versus Marcel Goc in Devils zone.
9:14 of 3rd period - Shot by Marcel Goc.
9:14 of 3rd period - Shot Misses the Net.
9:33 of 3rd period - Icing by Darren Helm.
9:34 of 3rd period - Darren Helm wins face-off versus Tim Connolly in BlackHawks zone.
9:56 of 3rd period - Off-side.
9:57 of 3rd period - Artem Anisimov wins face-off versus Jay McClement in neutral zone.
9:57 of 3rd period - James van Riemsdyk is hit by Jay McClement and loses puck.
10:42 of 3rd period - Icing by Roman Hamrlik.
10:43 of 3rd period - Artem Anisimov wins face-off versus Tyler Kennedy in Devils zone.
11:19 of 3rd period - Icing by Brett Clark.
11:20 of 3rd period - Marcel Goc wins face-off versus Tyler Kennedy in BlackHawks zone.
11:23 of 3rd period - Shot by Eric Wellwood.
11:23 of 3rd period - Stopped by Jose Theodore without a rebound.
11:24 of 3rd period - Zach Parise wins face-off versus Marcel Goc in BlackHawks zone.
11:31 of 3rd period - Shot by Bryan Little.
11:31 of 3rd period - Stopped by Steve Mason without a rebound.
11:32 of 3rd period - Saku Koivu wins face-off versus Darren Helm in Devils zone.
11:45 of 3rd period - Shot by Jordan Leopold.
11:45 of 3rd period - Stopped by Jose Theodore with a rebound.
12:03 of 3rd period - Shot by Tim Connolly.
12:03 of 3rd period - Shot Misses the Net.
12:05 of 3rd period - Shot by Tim Connolly.
12:05 of 3rd period - Deflect By Saku Koivu.
12:05 of 3rd period - Shot Misses the Net.
12:07 of 3rd period - Shot by Lubomir Visnovsky.
12:07 of 3rd period - Shot Misses the Net.
13:43 of 3rd period - Shot by Tyler Kennedy.
13:43 of 3rd period - Stopped by Steve Mason without a rebound.
13:44 of 3rd period - Jay McClement wins face-off versus Vladimir Sobotka in Devils zone.
13:54 of 3rd period - Icing by Josh Bailey.
13:55 of 3rd period - Vladimir Sobotka wins face-off versus Darren Helm in Devils zone.
14:08 of 3rd period - Shot by Bryan Little.
14:08 of 3rd period - Shot Misses the Net.
14:10 of 3rd period - Shot by Bryan Little.
14:10 of 3rd period - Stopped by Steve Mason without a rebound.
14:11 of 3rd period - R.J. Umberger wins face-off versus Tyler Kennedy in Devils zone.
14:11 of 3rd period - R.J. Umberger is hit by Simon Gagne.
14:26 of 3rd period - Icing by Simon Gagne.
14:27 of 3rd period - Tyler Kennedy wins face-off versus Marcel Goc in BlackHawks zone.
14:27 of 3rd period - Tyler Kennedy is hit by Patrick Eaves.
14:28 of 3rd period - Tyler Kennedy from BlackHawks is injured at 14:28 of 3rd period (Right Knee).
14:29 of 3rd period - Darren Helm wins face-off versus Saku Koivu in BlackHawks zone.
14:49 of 3rd period - Shot by R.J. Umberger.
14:49 of 3rd period - Stopped by Jose Theodore with a rebound.
15:13 of 3rd period - Shot by Bryan Little.
15:13 of 3rd period - Stopped by Steve Mason without a rebound.
15:14 of 3rd period - Jay McClement wins face-off versus Artem Anisimov in Devils zone.
15:22 of 3rd period - Off-side.
15:23 of 3rd period - Artem Anisimov wins face-off versus Bryan Little in neutral zone.
15:38 of 3rd period - Minor Penalty to Mark Letestu for Hooking.
15:39 of 3rd period - Marcel Goc wins face-off versus Mika Zibanejad in Devils zone.
16:10 of 3rd period - Shot by Darren Helm.
16:10 of 3rd period - Shot Blocked by Roman Hamrlik.
16:12 of 3rd period - Shot by Darren Helm.
16:12 of 3rd period - Deflect By Simon Gagne.
16:12 of 3rd period - Shot Misses the Net.
16:42 of 3rd period - Shot by Bryan Little.
16:42 of 3rd period - Shot Misses the Net.
16:54 of 3rd period - Shot by Brett Clark.
16:54 of 3rd period - Stopped by Steve Mason without a rebound.
16:55 of 3rd period - Zach Parise wins face-off versus Saku Koivu in Devils zone.
16:55 of 3rd period - Bryan Little is hit by Brad Stuart and loses puck.
18:26 of 3rd period - P.K. Subban is hit by Artem Anisimov and loses puck.
19:09 of 3rd period - Off-side.
19:10 of 3rd period - Marcel Goc wins face-off versus Darren Helm in neutral zone.
19:33 of 3rd period - Darren Helm is hit by Nikita Nikitin and loses puck.

Overtime #1


0:01 of 1st overtime period - Zach Parise wins face-off versus Marcel Goc in neutral zone.
0:13 of 1st overtime period - Shot by Patrick Eaves.
0:13 of 1st overtime period - Shot Blocked by P.K. Subban.
1:07 of 1st overtime period - Shot by Matt DAgostini.
1:07 of 1st overtime period - Stopped by Jose Theodore without a rebound.
1:08 of 1st overtime period - Zach Parise wins face-off versus Josh Bailey in BlackHawks zone.
1:08 of 1st overtime period - Zach Parise is hit by Josh Bailey.
1:25 of 1st overtime period - Shot by Matt DAgostini.
1:25 of 1st overtime period - Stopped by Jose Theodore without a rebound.
1:26 of 1st overtime period - Zach Parise wins face-off versus Marcel Goc in BlackHawks zone.
1:33 of 1st overtime period - Shot by Zach Parise.
1:33 of 1st overtime period - Shot Blocked by Marcel Goc.
1:45 of 1st overtime period - Shot by Zach Parise.
1:45 of 1st overtime period - Shot Misses the Net.
2:47 of 1st overtime period - Shot by Darren Helm.
2:47 of 1st overtime period - Shot Misses the Net.
3:35 of 1st overtime period - Shot by Marcel Goc.
3:35 of 1st overtime period - Shot Misses the Net.
3:48 of 1st overtime period - Off-side.
3:49 of 1st overtime period - Zach Parise wins face-off versus Josh Bailey in neutral zone.
4:15 of 1st overtime period - Shot by Zach Parise.
4:15 of 1st overtime period - Shot Misses the Net.
4:32 of 1st overtime period - Icing by Anton Babchuk.
4:33 of 1st overtime period - Samuel Pahlsson wins face-off versus Marcel Goc in BlackHawks zone.
4:43 of 1st overtime period - Shot by Darren Helm.
4:43 of 1st overtime period - Shot Misses the Net.

ShootOut


5:00 of 1st overtime period - Penalty Shot by Zach Parise for BlackHawks.
5:00 of 1st overtime period - Stopped by Steve Mason.
5:00 of 1st overtime period - Penalty Shot by James van Riemsdyk for Devils.
5:00 of 1st overtime period - Goal by James van Riemsdyk.
5:00 of 1st overtime period - Penalty Shot by Bryan Little for BlackHawks.
5:00 of 1st overtime period - Stopped by Steve Mason.
5:00 of 1st overtime period - Penalty Shot by Tim Connolly for Devils.
5:00 of 1st overtime period - Stopped by Jose Theodore.
5:00 of 1st overtime period - Penalty Shot by Jamie McGinn for BlackHawks.
5:00 of 1st overtime period - Shot Misses the Net.


Output by the SimonT Hockey Simulator (STHS) for Stephane Roy -- Original Page W3C XHTML 1.0 Valid
Hockey Simulator - Hockey Simulation - Hockey Manager